 Dungeon Sprint DCSS version 0.30-a0-50-gb2d611f6b1 (webtiles) character file.

Game seed: 3995934856548468264

0 MrFrogsmire the Conjurer (level 1, 0/11 HPs)
             Began as an Octopode Conjurer on Sept 4, 2022.
             Slain by a kobold
             ... wielding a +0 whip
              (1 damage)
             ... in the Dungeon (Sprint VI: "Thunderdome").
             The game lasted 00:02:19 (154 turns).

MrFrogsmire the Conjurer (Octopode Conjurer)         Turns: 154, Time: 00:02:22

Health: 0/11       AC:  5    Str:  8    XL:     1   Next: 20%
Magic:  18/21      EV: 13    Int: 28    God:
Gold:   20         SH:  5    Dex: 12    Spells: 3/4 levels left

rFire   + . .      SeeInvis .    (no weapon)
rCold   + . .      Faith    .    (no shield)
rNeg    . . .      Spirit   .    (helmet restricted)
rPois   +          Reflect  +    l - amulet of Amoteh {Reflect Int+6 SH+5}
rElec   .          Harm     .    k - ring of Eternal Night {Wiz rF+ rC+ rCorr Dex+2}
rCorr   +          Rampage  .    m - ring of Ojo Hube {MP+9 AC+4}
Will    .....      NoTele   +    n - ring "Askexomu" {rPois MP+9 Str+2 Int+2}
Stlth   +++.......               (no ring)
HPRegen 0.03/turn                (no ring)
MPRegen 0.17/turn                (no ring)
                                 (no ring)
                                 (no ring)

@: no status effects
A: almost no armour, amphibious, 8 rings, camouflage 1, gelatinous body 1,
(nimble swimmer 1), tentacles
a: no special abilities


You were in the Dungeon.
You visited 1 branch You collected 200 gold pieces.
You spent 180 gold pieces at shops.

Inventory:

Jewellery
 k - the ring of Eternal Night (left tentacle) {Wiz rF+ rC+ rCorr Dex+2}
   (You bought it in a shop in the Dungeon)

   [ring of wizardry]

   It improves your spell success rate.
   Dex:       It affects your dexterity (+2).
   rF:        It protects you from fire.
   rC:        It protects you from cold.
   rCorr:     It protects you from acid and corrosion.
 l - the amulet of Amoteh (around mantle) {Reflect Int+6 SH+5}
   (You bought it in a shop in the Dungeon)

   [amulet of reflection]

   It reflects blocked missile attacks.
   Int:       It affects your intelligence (+6).
   SH:        It affects your SH (+5).
 m - the ring of Ojo Hube (right tentacle) {MP+9 AC+4}
   (You bought it in a shop in the Dungeon)

   [ring of protection]

   AC:        It affects your AC (+4).
   MP:        It affects your magic capacity (+9).
 n - the ring "Askexomu" (on tentacle) {rPois MP+9 Str+2 Int+2}
   (You bought it in a shop in the Dungeon)

   [ring of magical power]

   Str:       It affects your strength (+2).
   Int:       It affects your intelligence (+2).
   rPois:     It protects you from poison.
   MP:        It affects your magic capacity (+9).
Wands
 g - a wand of quicksilver (5) (quivered)
 h - a wand of roots (5)
Scrolls
 f - 4 scrolls of blinking
 i - 3 scrolls of butterflies
Potions
 a - 3 potions of magic
 b - a potion of curing
 c - 4 potions of heal wounds
 d - 4 potions of haste
 e - a potion of berserk rage
 j - a potion of resistance


   Skills:
 + Level 2.0 Dodging
 + Level 2.8 Stealth
 + Level 2.0 Spellcasting
 + Level 4.4 Conjurations


You had 3 spell levels left.
You knew the following spells:

 Your Spells              Type           Power      Damage    Failure   Level
a - Magic Dart            Conj           100%       1d8       1%          1

Your spell library contained the following spells:

 Spells                   Type           Power      Damage    Failure   Level
 Searing Ray              Conj           54%        2d6       1%          2
 Dazzling Flash           Conj/Hex       30%        N/A       4%          3
 Fulminant Prism          Conj/Hex       7%         3d7       16%         4
 Iskenderun's Mystic Bla  Conj/Tloc      15%        2d5       16%         4


Dungeon Overview and Level Annotations

Branches:
Dungeon (1/1)

Altars:
Dithmenos
Makhleb
Qazlal
Ru
Xom
Yredelemnul
The Shining One
Lugonu

Shops:
D *[?**[

Annotations:
D Jessica, Sigmund, Terence


Innate Abilities, Weirdness & Mutations

You cannot wear most types of armour.
You are amphibious.
You can wear up to eight rings at the same time.
Your skin changes colour to match your surroundings (Stealth+).
Your rubbery body absorbs attacks. (AC +1, EV +1)
((You are camouflaged when in or above water. (Stealth+)))
You have tentacles for arms and can constrict up to eight enemies at once.


Message History

Sigmund is moderately wounded.
The kobold shouts!
Jessica the Apprentice Sorceress comes into view.
She is wielding a +0 club.
The magic dart hits Sigmund.
Sigmund is moderately wounded.
Jessica shouts!
Sigmund barely misses you.
Jessica casts a spell.
Jessica blinks!
The magic dart hits Sigmund.
Sigmund is heavily wounded.
Sigmund points at you and mumbles some strange words.
You are confused.
Jessica gestures wildly while chanting.
Jessica blinks!
You're too confused to cast spells.
You're too confused to cast spells.
You're too confused to cast spells.
You're too confused to cast spells.
You are too confused!
Sigmund hits you but does no damage.
Jessica mumbles some strange words.
Jessica seems to speed up.
Jessica mumbles some strange words.
Jessica blinks! 50...
You feel less confused. Sigmund gestures at you while chanting.
You are confused.
Found Afeuh's Premium Goods and Xokhywa's Miscellaneous Merchandise.
Found Xeb Rakhlan's Basic Armour.
Jessica gestures wildly while chanting.
Jessica blinks!
Terence the Incautious comes into view.
He is wielding a +0 vorpal flail.
You're too confused to move!
You feel less confused.
Sigmund hits you from afar with a +0 scythe!
Ouch! That really hurt!
* * * LOW HITPOINT WARNING * * *
The kobold hits you with a +0 whip.
You die...

###∩........8.# .8..
##.............###..
#⌠..........###...#
#⌠..........# #.<.#
#⌠...@......###...#
##.............###.....
###∩........8.# .8...
##∩_._.@K...###......
######.8@........8.#
#⌠...........⌠#
###.........###
#_....... #_.......
#_.....@. #∩.......
##∩.....∩ #.....


You could see Sigmund, Terence, Jessica (fast) and a kobold.

Vanquished Creatures
  A kobold (D)
1 creature vanquished.

Notes
Turn   | Place    | Note
-------+----------+-------------------------------------------
     0 | D        | MrFrogsmire the Octopode Conjurer began the quest for the
                  | Orb.
     0 | D        | Reached XP level 1. HP: 11/11 MP: 3/3
     1 | D        | Found a glowing golden altar of the Shining One.
     2 | D        | Found a stormy altar of Qazlal.
     3 | D        | Found a shimmering altar of Xom.
     3 | D        | Found a corrupted altar of Lugonu.
     4 | D        | Found Rogeamac's Identification Station.
     4 | D        | Found a burning altar of Makhleb.
     4 | D        | Found a basalt altar of Yredelemnul.
     4 | D        | Found a sacrificial altar of Ru.
     5 | D        | Found Udec's Advanced Armour.
     5 | D        | Found Ypanaase's Jewellery.
     5 | D        | Round 1.
    16 | D        | Bought a vibrating jade ring for 45 gold pieces
    16 | D        | Identified the ring of Eternal Night {Wiz rF+ rC+ rCorr
                  | Dex+2} (You bought it in a shop in the Dungeon)
    16 | D        | Bought an ancient golden amulet for 45 gold pieces
    16 | D        | Identified the amulet of Amoteh {Reflect Int+6 SH+5} (You
                  | bought it in a shop in the Dungeon)
    16 | D        | Bought a brightly glowing lead ring for 45 gold pieces
    16 | D        | Identified the ring of Ojo Hube {MP+9 AC+4} (You bought it
                  | in a shop in the Dungeon)
    16 | D        | Bought a warped steel ring for 45 gold pieces
    16 | D        | Identified the ring "Askexomu" {rPois MP+9 Str+2 Int+2}
                  | (You bought it in a shop in the Dungeon)
   130 | D        | Found a shadowy altar of Dithmenos.
   136 | D        | Noticed Sigmund
   142 | D        | Noticed Jessica
   152 | D        | Found Afeuh's Premium Goods.
   152 | D        | Found Xokhywa's Miscellaneous Merchandise.
   153 | D        | Found Xeb Rakhlan's Basic Armour.
   153 | D        | Noticed Terence
   154 | D        | Slain by a kobold

Illustrated notes

Levels and vault maps discovered:
D:        arena_sprint

Action                   || total
-------------------------++-------
 Cast: Magic Dart        ||     6
Armor: Skin              ||     1
Dodge: Dodged            ||     1

Table legend: (Time is in decaauts)
 A = Elapsed time spent in this place.
 B = Non-inter-level travel time spent in this place.
 C = Inter-level travel time spent in this place.
 D = Time resting spent in this place.
 E = Time spent auto-exploring this place.
 F = Levels seen in this place.
 G = Mean time per level.
                   A        B        C        D        E       F      G
               +--------+--------+--------+--------+--------+-----+--------+
         Total |    152 |    134 |     18 |      0 |      0 |   1 |  152.0 |
       Dungeon |    152 |    134 |     18 |      0 |      0 |   1 |  152.0 |
               +--------+--------+--------+--------+--------+-----+--------+

Top non-repeatable levels by time:
       D: 152 daAuts
